 Dungeon Crawl Stone Soup version 0.31-a0-868-g674d60d6f7 (webtiles) character file.

Game seed: 10738187134149192628

7037 javelincjr the Mimic (level 10, -3/141 HPs)
             Began as a Troll Shapeshifter on Oct 11, 2023.
             Was a Believer of Trog.
             Slain by a gnoll
             ... wielding a +0 spear
             ... led by a gnoll bouda
              (4 damage)
             ... on level 8 of the Dungeon.
             The game lasted 00:25:02 (7386 turns).

javelincjr the Mimic (Troll Shapeshifter)           Turns: 7386, Time: 00:25:02

Health: -3/141     AC: 11    Str: 34    XL:     10   Next: 83%
Magic:  9/9        EV: 10    Int:  6    God:    Trog [**....]
Gold:   468        SH:  5    Dex:  9    Spells: 9/9 levels left

rFire   . . .        x - melded +5 quarterstaff (chaos)
rCold   . . .        (shield currently unavailable)
rNeg    . . .        E - +0 swamp dragon scales
rPois   +            (helmet restricted)
rElec   .            h - +1 cloak
rCorr   .            (gloves unavailable)
SInv    .            (boots unavailable)
Will    .....        A - amulet of reflection Stlth
                     r - ring of flight
HPRegen 1.23/turn    y - +6 ring of strength
MPRegen 0.11/turn

%: reflection
@: berserking, flux-form, weakened, flying, slowed, glowing
A: glow, contaminating, large, unfitting armour, claws 3, regeneration 1, shaggy
fur 1, tough skin 1
a: Begin Untransformation, Renounce Religion, Berserk, Trog's Hand


You were on level 8 of the Dungeon.
You worshipped Trog.
Trog was pleased with you.
You were something dangerously unstable.
You visited 2 branches of the dungeon, and saw 9 of its levels.

You collected 468 gold pieces.

Inventory:

Hand Weapons
 m - a +4 whip of electrocution
 x - a +5 quarterstaff of chaos (melded)
 M - the +10 dark maul {heavy}
   (You took it off a two-headed ogre on level 8 of the Dungeon)
 P - a +1 short sword of holy wrath
Missiles
 n - 5 boomerangs
 s - 10 poisoned darts
 L - a throwing net
Armour
 a - a +0 animal skin
 h - a +1 cloak (worn)
 E - +0 swamp dragon scales (worn)
Jewellery
 q - an amulet of the acrobat
 r - a ring of flight (left claw)
 y - a +6 ring of strength (right claw)
 A - an amulet of reflection (around neck)
 H - an amulet of magic regeneration
Talismans
 c - a beast talisman
 d - a flux talisman (active)
 G - a blade talisman
Wands
 f - a wand of quicksilver (10)
 D - a wand of iceblast (7)
 F - a wand of digging (3)
 O - a wand of flame (9)
Scrolls
 i - 3 scrolls of silence
 j - 2 scrolls of revelation
 k - 2 scrolls of blinking
 o - a scroll of amnesia
 p - 2 scrolls of poison
 u - 4 scrolls of vulnerability
 J - a scroll of fear
 K - a scroll of teleportation {unknown}
 N - 3 scrolls of noise {unknown}
Potions
 b - 3 potions of lignification
 e - 5 potions of curing
 g - a potion of ambrosia
 l - 2 potions of mutation
 t - 4 potions of degeneration
 v - a potion of haste {unknown}
 w - a potion of enlightenment
 z - a potion of magic
 B - a potion of invisibility {unknown}
 C - 2 potions of attraction {unknown}
 I - a potion of resistance {unknown}


   Skills:
 + Level 4.6 Fighting
 + Level 4.8 Dodging
 + Level 6.3 Unarmed Combat
 * Level 12.8 Shapeshifting


You had 9 spell levels left.
You didn't know any spells.
Your spell library contained the following spells:

 Spells                   Type           Power      Damage    Failure   Level
 Necrotise                Necr           0%         1d4       56%         1
 Vampiric Draining        Necr           0%         2d6       90%         3
 Agony                    Necr           0%         N/A       100%        5


Dungeon Overview and Level Annotations

Branches:
Dungeon (8/15)             Temple (1/1) D:5
   Lair: D:8-11

Altars:
Ashenzari
Cheibriados
Dithmenos
Elyvilon
Fedhas
Gozag
Kikubaaqudgha
Makhleb
Nemelex Xobeh
Okawaru
Qazlal
Ru
Sif Muna
Trog
Uskayaw
Vehumet
Wu Jian
Xom
Yredelemnul
Zin
The Shining One

Shops:
D:2 [   D:3 (:

Annotations:
D:7 2 transporters, exclusion: ice statue, JayJaygamer2134567's ghost, novice DrFi
D:8 Gastronok


Innate Abilities, Weirdness & Mutations

You are something dangerously unstable.
You glow with magical radiation, making you easy to see and hit.
Foes you strike become dangerously contaminated with magical radiation.
You are incapable of wielding weapons or throwing items.
You are too large for most types of armour.
You have claws for hands.
Your natural rate of healing is unusually fast.
You are covered in fur. (AC +1)
You have tough skin. (AC +1)


Message History

The gnoll bouda gazes fiercely through you!
You feel your attacks grow feeble.
The gnoll bouda hits you with a +0 whip.
The gnoll hits you from afar with a +2 heavy spear.
The river rat bites you!
You claw Gastronok!
Gastronok glows dangerously bright.
Gastronok is lightly wounded.
The gnoll hits you but does no damage. x2; The gnoll bouda misses you.
You claw Gastronok!
Gastronok shudders as magic cascades through him!!
Gastronok twists and deforms.
Gastronok is heavily wounded.
The river rat completely misses you. The gnoll misses you.
The gnoll closely misses you.
The gnoll hits you from afar with a +2 heavy spear!
Gastronok bites you!!
The gnoll bouda hits you with a +0 whip!
* * * LOW HITPOINT WARNING * * *
You scratch Gastronok.
Gastronok begins to glow.
Gastronok is heavily wounded.
You block the river rat's attack. The gnoll barely misses you.
The gnoll hits you but does no damage.
You scratch Gastronok.
Gastronok glows dangerously bright.
Gastronok is heavily wounded.
You block the gnoll bouda's attack. The river rat barely misses you.
The gnoll hits you from afar with a +2 heavy spear.
* * * LOW HITPOINT WARNING * * *
You block the gnoll's attack.
Gastronok waves his eye-stalks in wide circles.
The air twists around and strikes you!!
* * * LOW HITPOINT WARNING * * *
The gnoll hits you from afar with a +0 spear.
* * * LOW HITPOINT WARNING * * *
You completely miss Gastronok.
Gastronok is heavily wounded.
The gnoll bouda closely misses you. The river rat bites you.
* * * LOW HITPOINT WARNING * * *
You block the gnoll's attack.
The gnoll hits you from afar with a +0 spear.
You die...

##.#...# #.....## # ♣♣
♣ ##.#### #?♣.♣$♣
##..# ..P♣.♣. ###...#
.P....P ##....##
....P..#########...###
..P....)or'..))..###
........bgp..)#)>#
P.......gw#...####
........gg#####...
.w####...O...go.O. .
+....$.o..o..
#...####...#o #..('
..# .!...# .# ......#
#


You could see Gastronok (swift, heavy contam, misshapen), an orc warrior, an
ogre, a gnoll bouda (misshapen), 3 gnolls, a river rat (summoned) and a bat
(summoned).

Vanquished Creatures
  3 two-headed ogres (D:8)
  Maggie (D:6)
  A hornet (D:8)
  Grinder (D:3)
  A wyvern (D:7)
  Menkaure (D:4)
  2 steam dragons (D:7)
  Duvessa (D:7)
  A water moccasin (D:5)
  6 orc warriors (D:8)
  2 sky beasts
  2 black bears
  The ghost of SirDiesAlot the Trooper, an amateur MiFi (D:3)
  3 ogres
  2 centaurs
  2 phantoms
  A gnoll sergeant (D:7)
  8 scorpions
  A bullfrog (D:8)
  7 wights
  Dowan (D:7)
  A killer bee (D:7)
  3 howler monkeys (D:7)
  2 jellies (D:6)
  2 hounds
  Crazy Yiuf (D:3)
  4 gnoll boudas
  4 orc priests
  A sleepcap (D:5)
  Terence (D:3)
  2 iguanas (D:6)
  6 orc wizards
  33 gnolls
  9 adders
  A shadow imp (D:5)
  An ufetubus (D:5)
  2 worms
  3 dart slugs
  35 orcs
  5 ball pythons
  6 endoplasms
  3 giant cockroaches
  8 goblins
  3 hobgoblins
  3 jackals (D:2)
  3 quokkas
  3 bats
  4 frilled lizards
  6 kobolds
  9 rats
212 creatures vanquished.

Vanquished Creatures (others)
  2 sky beasts (D:7)
2 creatures vanquished.

Grand Total: 214 creatures vanquished

Notes
Turn   | Place    | Note
-------+----------+-------------------------------------------
     0 | D:1      | javelincjr the Troll Shapeshifter began the quest for the
                  | Orb.
     0 | D:1      | Reached XP level 1. HP: 18/18 MP: 0/0
    85 | D:1      | Reached skill level 1 in Fighting
   384 | D:1      | Reached XP level 2. HP: 27/27 MP: 1/1
   502 | D:1      | Found a faded altar of an unknown god.
   767 | D:2      | Reached XP level 3. HP: 33/33 MP: 2/2
   791 | D:2      | Found a snail-covered altar of Cheibriados.
   841 | D:2      | Found Nerhees's Armour Boutique.
   873 | D:2      | Reached XP level 4. HP: 42/42 MP: 3/3
  1583 | D:3      | Reached XP level 5. HP: 34/49 MP: 4/4
  1717 | D:3      | Reached skill level 4 in Shapeshifting
  1804 | D:3      | Found Piqua's Antique Weapon Shop.
  1964 | D:3      | Found a runed translucent door.
  1964 | D:3      | Noticed SirDiesAlot's ghost (amateur MiFi)
  2071 | D:3      | Noticed Terence
  2073 | D:3      | Killed Terence
  2293 | D:3      | Found Wierghaul's Book Shop.
  2312 | D:3      | Noticed Grinder
  2318 | D:3      | Killed Grinder
  2319 | D:3      | Reached skill level 5 in Shapeshifting
  2319 | D:3      | Reached XP level 6. HP: 53/57 MP: 5/5
  2716 | D:3      | Found a runed translucent door.
  2717 | D:3      | Noticed Crazy Yiuf
  2722 | D:3      | Killed Crazy Yiuf
  2723 | D:3      | Reached skill level 6 in Shapeshifting
  2863 | D:3      | Killed SirDiesAlot's ghost
  2864 | D:3      | Reached XP level 7. HP: 22/65 MP: 6/6
  2988 | D:4      | Found a snail-covered altar of Cheibriados.
  3139 | D:4      | Reached skill level 7 in Shapeshifting
  3184 | D:4      | Noticed Menkaure
  3193 | D:4      | Killed Menkaure
  3466 | D:4      | Found a sparkling altar of Nemelex Xobeh.
  3467 | D:4      | Found a burning altar of Makhleb.
  3483 | D:5      | Entered Level 5 of the Dungeon
  3708 | D:5      | Reached skill level 8 in Shapeshifting
  3730 | D:5      | Reached XP level 8. HP: 67/72 MP: 7/7
  3764 | D:5      | Reached skill level 9 in Shapeshifting
  4006 | D:5      | Reached skill level 10 in Shapeshifting
  4329 | D:5      | Found a staircase to the Ecumenical Temple.
  4335 | Temple   | Entered the Ecumenical Temple
  4405 | Temple   | Became a worshipper of Trog the Wrathful
  4668 | D:6      | Found a shadowy altar of Dithmenos.
  4876 | D:6      | Noticed Maggie
  4886 | D:6      | Killed Maggie
  4887 | D:6      | Reached XP level 9. HP: 39/79 MP: 8/8
  5017 | D:6      | Reached skill level 11 in Shapeshifting
  5477 | D:7      | Found a transporter.
  5481 | D:7      | Noticed JayJaygamer2134567's ghost (novice DrFi)
  5484 | D:7      | Found a transporter.
  5484 | D:7      | Noticed an ice statue
  5495 | D:7      | Noticed Duvessa
  5495 | D:7      | Noticed Dowan
  5510 | D:7      | Killed Duvessa
  5518 | D:7      | Killed Dowan
  5518 | D:7      | Reached * piety under Trog
  5864 | D:7      | Noticed a deep elf pyromancer
  6506 | D:8      | Reached skill level 5 in Unarmed Combat
  6514 | D:8      | Reached XP level 10. HP: 91/91 MP: 9/9
  6670 | D:8      | Noticed a two-headed ogre
  6677 | D:8      | Killed a two-headed ogre
  6678 | D:8      | Reached skill level 12 in Shapeshifting
  6732 | D:8      | Noticed a two-headed ogre
  6764 | D:8      | Killed a two-headed ogre
  6781 | D:8      | Reached ** piety under Trog
  6845 | D:8      | Noticed a two-headed ogre
  6848 | D:8      | Killed a two-headed ogre
  7351 | D:8      | Noticed Gastronok
  7385 | D:8      | HP: 2/141 [Gastronok/the air (31)]
  7386 | D:8      | Slain by a gnoll

Illustrated notes

Levels and vault maps discovered:
D:1:      heliophobic_arrival_enchanted_forest, layout_basic,
          hellmonk_ecumenical_altar_slurped_away, serial_corexii_hall,
          corexii_hall_statues_i, chequers_hall_statues_wall_a
D:2:      layout_loops_ring, basic_altar, serial_shops,
          nicolae_shop_window_shopping, minmay_misc_feat_nine_boxes,
          kennysheep_generic_room_15
D:3:      layout_basic, serial_shops, shop, shop,
          hellmonk_ghost_happy_afterlife, nicolae_hexahallways, minivault_11,
          hex_tiny, st_stairs_1, uniq_grinder, uniq_crazy_yiuf_cottage,
          uniq_terence
D:4:      layout_basic, mainiacjoe_overflow_six_doors_small,
          gammafunk_temple_overflow_statue, uniq_menkaure
D:5:      cheibrodos_barr_body, layout_cave_pods,
          minmay_temple_entry_enclosed_plants, dreamdust_gnoll_farm
D:6:      layout_cave_pools, lemuel_round_altar, lightli_orcish_oven,
          uniq_maggie
D:7:      layout_loops_corners, nzn_ghost_randoct, hangedman_misty_isle,
          uniq_duvessa
D:8:      kennysheep_seaside_town, layout_basic,
          hellmonk_guarded_unrand_dark_maul, uniq_gastronok
Temple:   minmay_crystal_spiral_temple

Skill      XL: |  1  2  3  4  5  6  7  8  9 10 |
---------------+-------------------------------+-----
Fighting       | 1 2 3 4 |  4.6
Dodging        | 2 3 4 |  4.8
Shapeshifting  | 5 6 8 10 11 12 | 12.8
Unarmed Combat | 5 6 |  6.3

Action                     |  1- 3 |  4- 6 |  7- 9 | 10-12 || total
---------------------------+-------+-------+-------+-------++-------
  Melee: Unarmed           |    50 |     4 |   320 |   135 ||   509
         Punch             |     2 |       |       |       ||     2
         Whip              |       |   112 |       |       ||   112
         Quarterstaff      |       |    14 |    24 |       ||    38
 Invoke: Berserk           |       |       |       |     2 ||     2
    Use: Scroll            |       |       |    15 |       ||    15
 Armour: Animal skin       |    35 |    86 |   132 |       ||   253
         Swamp dragon scal |       |       |    94 |   112 ||   206
  Dodge: Dodged            |    19 |    53 |   111 |    64 ||   247
  Block: Other             |       |       |    62 |    29 ||    91
         Reflection        |       |       |     5 |       ||     5
   Form: Flux              |       |       |     1 |       ||     1

Table legend: (Time is in decaauts)
 A = Elapsed time spent in this place.
 B = Non-inter-level travel time spent in this place.
 C = Inter-level travel time spent in this place.
 D = Time resting spent in this place.
 E = Time spent auto-exploring this place.
 F = Levels seen in this place.
 G = Mean time per level.
                   A        B        C        D        E       F      G
               +--------+--------+--------+--------+--------+-----+--------+
         Total |   7383 |   7160 |    223 |    155 |   5310 |   9 |  820.3 |
       Dungeon |   7242 |   7158 |     84 |    155 |   5310 |   8 |  905.2 |
        Temple |    140 |      1 |    139 |      0 |      0 |   1 |  140.0 |
               +--------+--------+--------+--------+--------+-----+--------+

Top non-repeatable levels by time:
     D:3: 1425 daAuts
     D:7: 1137 daAuts
     D:5: 1020 daAuts
     D:8: 922 daAuts
     D:2: 760 daAuts
     D:1: 750 daAuts
     D:6: 663 daAuts
     D:4: 563 daAuts
  Temple: 140 daAuts
